 Seeded DCSS version 0.29.1-1-gd02db6906a (webtiles) character file.

Game seed: 8800239265270809476 (custom seed)

1148 GigaChad the Covered (level 8, -4/73 HPs)
             Began as a Minotaur Gladiator on Sept 26, 2022.
             Was a Follower of Ashenzari.
             Slain by a sky beast (6 damage)
             ... on level 6 of the Dungeon.
             The game lasted 00:12:47 (5815 turns).

GigaChad the Covered (Minotaur Gladiator)           Turns: 5815, Time: 00:12:48

Health: -4/73      AC: 11    Str: 21    XL:     8   Next: 15%
Magic:  7/7        EV: 10    Int:  5    God:    Ashenzari [*.....]
Gold:   269        SH:  0    Dex: 19    Spells: 7/7 levels left

rFire   + . .      SeeInvis .   a - +0 long sword
rCold   x . .      Faith    .   (no shield)
rNeg    . . .      Spirit   .   y - +0 chain mail
rPois   +          Reflect  .   c - +0 hat of Panopticon {Bglg, Self} (curse)
rElec   .          Harm     .   t - +0 cloak
rCorr   .          Rampage  .   (no gloves)
Will    .....                   (no boots)
Stlth   ..........              (no amulet)
HPRegen 0.22/turn               g - ring "Prophetic Burden" {Fire rPois Dex+7, Bglg, Alch} (curse)
MPRegen 0.10/turn               (no ring)

@: no status effects
A: horns 2, retaliatory headbutt
a: Renounce Religion, Curse Item, Shatter the Chains


You were on level 6 of the Dungeon.
You worshipped Ashenzari.
Ashenzari was aware of your devotion.
You visited 2 branches of the dungeon, and saw 7 of its levels.

You collected 269 gold pieces.

Inventory:

Hand Weapons
 a - a +0 long sword (weapon)
 w - a +0 shortbow
Missiles
 d - 4 throwing nets
 e - a javelin
 n - 3 poisoned darts (quivered)
Armour
 b - a +0 leather armour
 c - the cursed +0 hat of Panopticon (worn) {Bglg, Self}

   It has a curse which improves the following skills: Beguiling: Conjurations,
   Hexes and Translocations.
   Introspection: Fighting and Spellcasting.
 t - a +0 cloak (worn)
 x - a +1 ring mail
 y - a +0 chain mail (worn)
Jewellery
 g - the cursed ring "Prophetic Burden" (left hand) {Fire rPois Dex+7, Bglg, Alch}
   (You acquired it on level 1 of the Dungeon)

   [ring of fire]

   It enhances your fire magic.
   Dex:       It affects your dexterity (+7).
   rF:        It protects you from fire.
   rC:        It makes you vulnerable to cold.
   rPois:     It protects you from poison.
   It has a curse which improves the following skills: Beguiling: Conjurations,
   Hexes and Translocations.
   Alchemy:   Poison Magic and Transmutations.
Wands
 r - a wand of paralysis (10)
 A - a wand of flame (45)
Scrolls
 k - 4 scrolls of identify
 l - a scroll of teleportation
 m - 3 scrolls of butterflies
 p - a scroll of vulnerability
 s - a scroll of blinking
 u - a scroll of immolation
 v - a scroll of magic mapping
 B - a scroll of poison
Potions
 f - 5 potions of curing
 h - a potion of degeneration
 i - a potion of heal wounds
 j - a potion of berserk rage
 o - a potion of flight
 q - a potion of might
 z - a potion of haste


   Skills:
 + Level 6.3(7.2) Fighting
 - Level 4.0 Long Blades
 - Level 5.1 Ranged Weapons
 - Level 2.1 Throwing
 - Level 7.1 Armour
 - Level 4.0 Dodging
 - Level 0.2 Stealth


You had 7 spell levels left.
You didn't know any spells.
Your spell library contained the following spells:

 Spells                   Type           Power      Damage    Failure   Level
 Freeze                   Ice            0%         1d3       99%         1
 Sublimation of Blood     Necr           0%         N/A       99%         2
 Frozen Ramparts          Ice            0%         1d1       100%        3
 Inner Flame              Hex/Fire       0%         N/A       100%        3
 Anguish                  Hex/Necr       0%         N/A       100%        4
 Cause Fear               Hex            0%         N/A       100%        4
 Hailstorm                Conj/Ice       0%         3d3       100%        4
 Petrify                  Tmut/Erth      0%         N/A       100%        4
 Irradiate                Conj/Tmut      0%         3d11      100%        5
 Enfeeble                 Hex            0%         N/A       100%        7
 Discord                  Hex            0%         N/A       100%        8


Dungeon Overview and Level Annotations

Branches:
Dungeon (6/15)             Temple (1/1) D:4

Altars:
Ashenzari
Cheibriados
Elyvilon
Fedhas
Gozag
Hepliaklqana
Kikubaaqudgha
Makhleb
Nemelex Xobeh
Okawaru
Qazlal
Sif Muna
Trog
Uskayaw
Vehumet
Wu Jian
Xom
Yredelemnul
Zin
The Shining One


Innate Abilities, Weirdness & Mutations

You have a pair of horns on your head.
You reflexively headbutt those who attack you in melee.


Message History

You furiously retaliate!
You headbutt the iguana.
You kill the iguana!
Something hits you but does no damage. Something hits you but does no damage.
You see here an iguana corpse.
A sky beast appears from thin air!
Reactivating autopickup.
The sky beast hits you. The sky beast shocks you.
A bullfrog comes into view.
The bullfrog croaks.
The bullfrog snags a nearby moth with its tongue.
The sky beast flickers out of sight!
Deactivating autopickup; reactivate with Ctrl-A.
Something hits you. Something shocks you.
You barely miss something. Something hits you but does no damage.
You hit something. You headbutt something.
Something hits you but does no damage.
You miss something. The bullfrog hits you. Something hits you.
Something shocks you.
You hit something. The bullfrog hits you. Something hits you.
* * * LOW HITPOINT WARNING * * *
Something shocks you.
* * * LOW HITPOINT WARNING * * *
The bullfrog barely misses you. You furiously retaliate!
You headbutt the bullfrog. You hit something. Your headbutt misses something.
The bullfrog hits you.
* * * LOW HITPOINT WARNING * * *
Something hits you but does no damage.
The bullfrog hits you but does no damage.
Something hits you.
* * * LOW HITPOINT WARNING * * *
Something shocks you.
* * * LOW HITPOINT WARNING * * *
You slash something! Your headbutt misses something.
The bullfrog barely misses you. The bullfrog hits you.
* * * LOW HITPOINT WARNING * * *
Something hits you.
* * * LOW HITPOINT WARNING * * *
Something shocks you.
You die...

.≈≈≈≈≈≈.# #.##
..≈≈≈≈≈≈.########## #.#
..≈≈.>≈≈.'........# #.#
..≈≈8_≈≈.########'###.#
..≈≈≈≈≈≈.## #......#.#
..≈≈≈≈≈≈..# #......#.#
......# ....^.....#
#......#.# ......#
.......{†.# ####'###.#
......# ......F@.##
#.###.# ......#
.........# #...#.#
......# .........#
###.#.#
......######'######
#.#.# .....†..##...
########.#.##
.........'..
.............
......#.##
########.#.##
......#..# #.#.##
########.## #.#...


You could see a bullfrog.

Vanquished Creatures
  Prince Ribbit (D:6)
  A centaur (D:5)
  A phantom (D:5)
  2 necrophages
  A scorpion (D:5)
  A bullfrog (D:6)
  A crimson imp (D:4)
  An orc priest (D:5)
  3 hounds (D:5)
  A jelly (D:5)
  3 iguanas
  6 orc wizards
  An adder (D:3)
  A white imp (D:6)
  An ufetubus (D:5)
  3 worms
  7 dart slugs
  11 orcs
  4 ball pythons
  6 endoplasms
  3 giant cockroaches
  7 hobgoblins
  3 jackals
  3 kobolds
  5 quokkas
  3 bats
  7 frilled lizards
  6 goblins
  A goblin skeleton (D:4)
  5 hobgoblin zombies (D:4)
  A kobold skeleton (D:4)
  2 kobold zombies (D:4)
  An orc skeleton (D:4)
  An orc zombie (D:4)
  3 rats
107 creatures vanquished.

Vanquished Creatures (others)
  2 orc wizards (D:6)
  2 plants (D:1)
4 creatures vanquished.

Grand Total: 111 creatures vanquished

Notes
Turn   | Place    | Note
-------+----------+-------------------------------------------
     0 | D:1      | GigaChad the Minotaur Gladiator began the quest for the
                  | Orb.
     0 | D:1      | Reached XP level 1. HP: 18/18 MP: 0/0
    40 | D:1      | Identified a scroll of acquirement
    40 | D:1      | Acquired the ring "Relog" {Fire rPois Dex+7}
   264 | D:1      | Reached XP level 2. HP: 20/25 MP: 1/1
   810 | D:2      | Reached XP level 3. HP: 26/30 MP: 2/2
  1409 | D:3      | Reached XP level 4. HP: 40/40 MP: 3/3
  1959 | D:3      | Found a faded altar of an unknown god.
  2304 | D:4      | Found a staircase to the Ecumenical Temple.
  2360 | Temple   | Entered the Ecumenical Temple
  2439 | Temple   | Became a worshipper of Ashenzari the Shackled
  2777 | D:4      | Found a glowing golden altar of the Shining One.
  2824 | D:4      | Reached skill level 5 in Fighting
  2824 | D:4      | Reached XP level 5. HP: 26/48 MP: 4/4
  3150 | D:4      | Reached skill level 1 in Armour
  3642 | D:5      | Entered Level 5 of the Dungeon
  3642 | D:5      | Noticed a phantom
  3654 | D:5      | Killed a phantom
  3655 | D:5      | Reached skill level 3 in Armour
  3674 | D:5      | Reached skill level 4 in Armour
  3674 | D:5      | Reached XP level 6. HP: 28/56 MP: 5/5
  3942 | D:5      | Found a bloodstained altar of Trog.
  3961 | D:5      | Reached skill level 5 in Armour
  4435 | D:5      | Reached skill level 6 in Armour
  4435 | D:5      | Reached XP level 7. HP: 53/61 MP: 6/6
  4447 | D:5      | Reached skill level 7 in Armour
  4844 | D:5      | Reached * piety under Ashenzari
  5113 | D:6      | Noticed Prince Ribbit
  5118 | D:6      | Killed Prince Ribbit
  5469 | D:6      | Reached skill level 5 in Ranged Weapons
  5469 | D:6      | Reached XP level 8. HP: 62/71 MP: 7/7
  5791 | D:6      | Found a stormy altar of Qazlal.
  5815 | D:6      | HP: 2/73 [something (2)]
  5815 | D:6      | Slain by a sky beast

Illustrated notes

Levels and vault maps discovered:
D:1:      minmay_arrival_widening_spiral_wide, layout_rooms,
          serial_bayou_pond_b, minmay_crystal_room, st_stairs_3
D:2:      layout_basic, hex_tiny, minmay_tetromino_o2
D:3:      layout_rooms, hellmonk_ecumenical_altar_inner_sanctum, st_stairs_8,
          grunt_ministairs_6
D:4:      layout_cave_pods, nicolae_tso_besieged_by_evil,
          minmay_temple_entry_arrows
D:5:      layout_rooms, kennysheep_little_box
D:6:      layout_basic, general_overflow_altar, chequers_ossuary_entry_cave,
          minmay_a_box_with_orc_wizards_in_it, uniq_pikel, uniq_prince_ribbit1
Temple:   bh_familiar_temple

Skill      XL: |  1  2  3  4  5  6  7  8 |
---------------+-------------------------+-----
Dodging        | 4 |  4.0
Long Blades    | 4 |  4.0
Fighting       | 4 5 6 |  6.3
Armour         | 4 6 7 |  7.1
Ranged Weapons | 5 |  5.1
Throwing       | |  2.1
Stealth        | |  0.2

Action                   |  1- 3 |  4- 6 |  7- 9 || total
-------------------------+-------+-------+-------++-------
Melee: Long sword        |    67 |   106 |    68 ||   241
       Headbutt          |     7 |    19 |    19 ||    45
       Punch             |       |     2 |       ||     2
 Fire: Shortbow          |       |       |     5 ||     5
Throw: Dart              |       |     2 |       ||     2
Invok: Curse Item        |       |     1 |     1 ||     2
  Use: Scroll            |     6 |     1 |     1 ||     8
 Stab: Sleeping          |     1 |       |       ||     1
Armor: Leather armour    |    15 |    28 |    15 ||    58
       Chain mail        |       |       |    59 ||    59
Dodge: Dodged            |    67 |    85 |    62 ||   214
